 Dungeon Crawl Stone Soup version 0.26.0-57-g60708a5e39 (webtiles) character file.

Game seed: 5477459803695801545

8782 Gadfly the Cleaver (level 11, -4/83 HPs)
             Began as a Formicid Fighter on Feb 2, 2021.
             Was a High Priest of Okawaru.
             Slain by a ten-headed hydra (6 damage)
             ... on level 2 of the Lair of Beasts.
             The game lasted 00:17:38 (9123 turns).

Gadfly the Cleaver (Formicid Fighter)               Turns: 9123, Time: 00:17:39

Health: -4/83      AC: 17    Str: 22    XL:     11   Next: 62%
Magic:  16/16      EV:  6    Int:  9    God:    Okawaru [*****.]
Gold:   584        SH: 11    Dex: 17    Spells: 10/10 levels left

rFire    . . .     SeeInvis +   k - +2 halberd (flame)
rCold    . . .     Faith    .   c - +0 kite shield
rNeg     . . .     Spirit   .   t - +0 plate armour
rPois    .         Reflect  .   (helmet unavailable)
rElec    .         Harm     .   j - scarf {repulsion}
rCorr    .         Rampage  .   B - +2 pair of gloves
Will     +....                  o - +0 pair of boots
Stlth    ..........             p - amulet of regeneration
HPRegen  0.63/turn              l - +4 ring of slaying
MPRegen  0.15/turn              x - +6 ring of dexterity

@: repel missiles
A: permanent stasis, dig shafts and tunnels, four strong arms, antennae 3
a: Dig, Shaft Self, Renounce Religion, Heroism, Finesse


You were on level 2 of the Lair of Beasts.
You worshipped Okawaru.
Okawaru was extremely pleased with you.
You visited 3 branches of the dungeon, and saw 13 of its levels.

You collected 584 gold pieces.

Inventory:

Hand Weapons
 a - a +2 war axe
 b - a +1 arbalest
 h - a +0 executioner's axe
 k - a +2 halberd of flaming (weapon)
 w - a +1 whip of electrocution
 F - the +5 scythe "Finisher" {speed, eviscerate}
   (You found it on level 9 of the Dungeon)

   Attacks with this weapon are significantly faster.
Missiles
 e - 161 bolts
Armour
 c - a +0 kite shield (worn)
 j - a scarf of repulsion (worn)
 o - a +0 pair of boots (worn)
 t - a +0 plate armour (worn)
 B - a +2 pair of gloves (worn)
Jewellery
 l - a +4 ring of slaying (left hand)
 p - an amulet of regeneration (around neck)
 u - an uncursed ring of flight
 x - a +6 ring of dexterity (right hand)
Wands
 f - a wand of flame (10)
 q - a wand of polymorph (16)
 r - a wand of iceblast (10)
 s - a wand of paralysis (6)
 y - a wand of random effects (12) (quivered)
 D - a wand of disintegration (15)
Scrolls
 m - 6 scrolls of remove curse
 v - 3 scrolls of enchant armour
 z - 2 scrolls of fog
 C - 3 scrolls of identify
 G - a scroll of holy word
Potions
 d - 2 potions of might
 g - a potion of curing
 i - a potion of heal wounds
 n - a potion of lignification
 A - a potion of attraction
 E - a potion of resistance


   Skills:
 + Level 6.8 Fighting
 * Level 8.1 Axes
 * Level 7.6 Crossbows
 + Level 7.1 Armour
 + Level 7.5 Shields
 + Level 7.8 Invocations
 + Level 7.3 Evocations


You had 10 spell levels left.
You didn't know any spells.
Your spell library contained the following spells:

 Spells                   Type           Power        Failure   Level
 Animate Skeleton         Necr           0%           100%        1
 Apportation              Tloc           0%           100%        1
 Corona                   Hex            0%           100%        1
 Foxfire                  Conj/Fire      0%           100%        1
 Summon Small Mammal      Summ           0%           100%        1
 Confusing Touch          Hex            0%           100%        3
 Conjure Flame            Conj/Fire      0%           100%        3
 Gell's Gravitas          Tloc           0%           100%        3
 Inner Flame              Hex/Fire       0%           100%        3
 Petrify                  Tmut/Erth      0%           100%        4
 Sticky Flame             Conj/Fire      0%           100%        4
 Fireball                 Conj/Fire      0%           100%        5
 Metabolic Englaciation   Hex/Ice        0%           100%        5
 Yara's Violent Unravell  Hex/Tmut       0%           100%        5


Dungeon Overview and Level Annotations

Branches:
Dungeon (10/15)            Temple (1/1) D:4            Lair (2/6) D:10
    Orc (0/2) D:9
  Swamp: Lair:2-4    Shoals: Lair:2-4     Snake: Lair:2-4    Spider: Lair:2-4

Altars:
Ashenzari
Cheibriados
Dithmenos
Elyvilon
Fedhas
Gozag
Hepliaklqana
Kikubaaqudgha
Makhleb
Nemelex Xobeh
Okawaru
Qazlal
Ru
Sif Muna
Trog
Uskayaw
Vehumet
Wu Jian
Xom
Yredelemnul
Zin
The Shining One


Innate Abilities, Weirdness & Mutations

You cannot be hasted, slowed, berserked, paralysed or teleported.
You can dig through walls and to a lower floor.
Your four strong arms can wield two-handed weapons with a shield.
You have a pair of large antennae on your head. (SInv)


Message History

The ten-headed hydra bites you but does no damage.
The ten-headed hydra bites you.
* * * LOW HITPOINT WARNING * * *
The ten-headed hydra bites you but does no damage.
The ten-headed hydra bites you.
* * * LOW HITPOINT WARNING * * *
You block the ten-headed hydra's attack.
Okay, then.
Your +2 halberd of flaming bursts into flame!
k - a +2 halberd of flaming (weapon)
The ten-headed hydra bites you but does no damage.
The ten-headed hydra bites you!
* * * LOW HITPOINT WARNING * * *
The ten-headed hydra bites you.
* * * LOW HITPOINT WARNING * * *
You block the ten-headed hydra's attack.
The ten-headed hydra bites you.
* * * LOW HITPOINT WARNING * * *
The ten-headed hydra bites you.
You die...

≈≈≈≈PP≈≈≈♣≈# ##....##......#
≈≈≈≈♣≈≈♣≈≈≈♣###......#......#
≈≈≈≈P≈≈†♣≈#.......##.....#
≈≈≈≈≈♣≈♣♣.......##
≈≈P≈≈P≈≈≈P........#
≈≈≈P♣≈≈≈♣.........#
≈≈≈≈PP≈≈.........##
P≈P≈P≈#.###P.....# ♣≈P≈♣.####
##@...#... ≈♣≈≈.. #D....#
#.... .....P# .... #P........
. ##....###. #...?. #....##
#..=..


You could see a ten-headed hydra.

Vanquished Creatures
  A two-headed ogre (D:10)
  An oklob plant (D:8)
  An elephant (D:10)
  Joseph (D:8)
  2 black mambas (Lair:1)
  Maggie (D:7)
  A troll (D:9)
  Prince Ribbit (D:5)
  Sigmund (D:3)
  2 centaur simulacra (D:10)
  4 wraiths (D:9)
  2 yaks (D:10)
  3 water moccasins
  An orc warrior (D:9)
  3 phantoms
  2 sky beasts
  5 ice beasts
  4 black bears
  A necrophage (D:8)
  4 ogres
  2 wolves (D:10)
  3 centaurs
  A big kobold (D:10)
  2 bullfrogs
  A scorpion (D:5)
  A water moccasin skeleton (D:10)
  10 wights
  3 vampire bats (D:6)
  2 electric eels
  A bullfrog zombie (D:9)
  2 howler monkeys
  A centaur zombie (D:9)
  2 quasits
  2 hounds
  2 orc priests
  2 centaur skeletons
  A gnoll shaman (D:8)
  2 bullfrog skeletons
  6 orc wizards
  5 worker ants
  2 iguanas
  A killer bee zombie (D:5)
  A bullfrog simulacrum (D:10)
  A howler monkey skeleton (D:5)
  4 gnolls
  10 adders
  2 shadow imps
  4 white imps
  An ufetubus (D:6)
  2 adder zombies
  2 adder skeletons
  13 dart slugs
  7 leopard geckos
  13 orcs
  2 ball pythons
  8 bats
  2 bat skeletons (D:6)
  3 bat zombies (D:6)
  4 giant cockroaches
  8 goblins
  9 hobgoblins
  14 jackals
  2 quokkas
  3 frilled lizards
  A jackal skeleton (D:4)
  13 kobolds
  A leopard gecko zombie (D:9)
  2 quokka skeletons
  10 rats
237 creatures vanquished.

Vanquished Creatures (others)
  4 plants
4 creatures vanquished.

Grand Total: 241 creatures vanquished

Notes
Turn   | Place    | Note
-------+----------+-------------------------------------------
     0 | D:1      | Gadfly the Formicid Fighter began the quest for the Orb.
     0 | D:1      | Reached XP level 1. HP: 18/18 MP: 1/1
    43 | D:1      | Reached XP level 2. HP: 18/24 MP: 2/2
   163 | D:1      | Reached skill level 1 in Invocations
   166 | D:1      | Reached XP level 3. HP: 29/29 MP: 3/3
   285 | D:1      | Reached skill level 1 in Crossbows
   332 | D:1      | Reached skill level 1 in Evocations
   635 | D:1      | Reached XP level 4. HP: 35/35 MP: 5/5
  1226 | D:2      | Found an opulent altar of Gozag.
  1329 | D:2      | You fall into a shaft and drop 2 floors!
  1339 | D:4      | Reached XP level 5. HP: 41/41 MP: 6/6
  1481 | D:4      | Reached skill level 3 in Axes
  1485 | D:4      | Found a staircase to the Ecumenical Temple.
  1503 | Temple   | Entered the Ecumenical Temple
  1524 | Temple   | Became a worshipper of Warmaster Okawaru
  1781 | D:4      | Reached XP level 6. HP: 47/47 MP: 6/8
  1889 | D:3      | Noticed Sigmund
  1901 | D:3      | Killed Sigmund
  1902 | D:3      | Reached XP level 7. HP: 41/53 MP: 9/9
  2240 | D:3      | Found a snail-covered altar of Cheibriados.
  3113 | D:5      | Entered Level 5 of the Dungeon
  3272 | D:4      | Reached * piety under Okawaru
  3273 | D:4      | Reached skill level 4 in Axes
  3273 | D:4      | Reached XP level 8. HP: 20/60 MP: 9/11
  3551 | D:5      | Reached skill level 5 in Shields
  3769 | D:5      | Reached ** piety under Okawaru
  3770 | D:5      | Reached skill level 5 in Invocations
  3996 | D:5      | Noticed Prince Ribbit
  4010 | D:5      | Killed Prince Ribbit
  4011 | D:5      | Reached skill level 5 in Axes
  4011 | D:5      | Reached XP level 9. HP: 61/66 MP: 11/13
  4479 | D:6      | Reached skill level 5 in Armour
  4479 | D:6      | Reached skill level 5 in Evocations
  4564 | D:6      | Found a broken altar of Ashenzari.
  4645 | D:6      | Found an ancient bone altar of Kikubaaqudgha.
  4655 | D:6      | Reached skill level 5 in Fighting
  4843 | D:6      | Found a hazy altar of Hepliaklqana.
  5141 | D:7      | Reached *** piety under Okawaru
  5291 | D:7      | Noticed Maggie
  5299 | D:7      | Killed Maggie
  5300 | D:7      | Reached skill level 5 in Crossbows
  5883 | D:8      | Reached skill level 6 in Axes
  5883 | D:8      | Reached XP level 10. HP: 67/74 MP: 14/14
  6181 | D:8      | Noticed Joseph
  6191 | D:8      | Killed Joseph
  6191 | D:8      | Reached **** piety under Okawaru
  6307 | D:8      | Found a blossoming altar of Fedhas.
  6336 | D:8      | Noticed an oklob plant
  6447 | D:8      | Killed an oklob plant
  6910 | D:9      | Found a staircase to the Orcish Mines.
  6913 | D:9      | Found a basalt altar of Yredelemnul.
  6963 | D:9      | Received a gift from Okawaru
  7069 | D:9      | Found a bloodstained altar of Trog.
  7379 | D:9      | Reached skill level 7 in Axes
  7468 | D:9      | Reached ***** piety under Okawaru
  7475 | D:9      | Found the +5 scythe "Finisher" {speed, eviscerate}
  7481 | D:9      | Reached XP level 11. HP: 80/81 MP: 16/16
  7787 | D:10     | Entered Level 10 of the Dungeon
  7787 | D:10     | Found a staircase to the Lair.
  7787 | D:10     | Noticed an elephant
  7792 | D:10     | Noticed a two-headed ogre
  7793 | D:10     | Killed an elephant
  7797 | D:10     | Received a gift from Okawaru
  7799 | D:10     | Killed a two-headed ogre
  8141 | D:10     | Received a gift from Okawaru
  8360 | D:10     | Found a hazy altar of Hepliaklqana.
  8420 | Lair:1   | Entered Level 1 of the Lair of Beasts
  8442 | Lair:1   | Received a gift from Okawaru
  8443 | Lair:1   | Reached skill level 8 in Axes
  9114 | Lair:2   | Noticed a seven-headed hydra
  9123 | Lair:2   | HP: 4/83 [ten-headed hydra (6)]
  9123 | Lair:2   | Slain by a ten-headed hydra

Illustrated notes

Levels and vault maps discovered:
D:1:      nicolae_arrival_memento_mori, layout_basic, st_stairs_5
D:2:      layout_basic, lemuel_coloured_pillars_altar, st_stairs_4,
          grunt_ministairs_6
D:3:      layout_loops_cross, cheibriados_altar_1, uniq_sigmund
D:4:      kennysheep_slugbush, layout_cave_pools, minmay_temple_entry_wispy
D:5:      layout_cave_pools, minmay_tree_intersection, minivault_14,
          kennysheep_another_room, kennysheep_generic_room_15,
          uniq_prince_ribbit1
D:6:      layout_basic, lemuel_round_altar, nicolae_ashenzari_panopticon,
          kennysheep_vampire_church
D:7:      layout_loops_corners, minivault_22, minmay_misc_feat_five, uniq_maggie
D:8:      layout_loops_ring, tgw_fedhas, uniq_joseph
D:9:      layout_gridville, kennysheep_mini_moat, trog_ov_bears_minmay,
          minmay_guarded_unrand_finisher
D:10:     layout_roguey, david_lair_generic, basic_altar, serial_ice,
          serial_ice_j, serial_ice_b, serial_ice_h, serial_ice_e
Temple:   eino_temple_water
Lair:1:   layout_regular_city
Lair:2:   layout_long_grid, serial_bayou_lake_a, lemuel_fruit_fields,
          uniq_fannar

Skill      XL: |  1  2  3  4  5  6  7  8  9 10 11 |
---------------+----------------------------------+-----
Invocations    | 1 2 3 4 5 6 7 |  7.8
Crossbows      | 1 2 3 4 5 6 7 |  7.6
Evocations     | 1 2 3 4 5 6 7 |  7.3
Shields        | 4 5 6 7 |  7.5
Axes           | 3 4 5 6 7 8 |  8.1
Fighting       | 4 5 6 |  6.8
Armour         | 4 5 6 7 |  7.1

Action                   |  1- 3 |  4- 6 |  7- 9 | 10-12 || total
-------------------------+-------+-------+-------+-------++-------
Melee: War axe           |    18 |       |    23 |    31 ||    72
       Whip              |    73 |   101 |   231 |   138 ||   543
       Scythe            |       |       |       |   107 ||   107
 Fire: Arbalest          |       |       |     7 |    21 ||    28
Evoke: Wand              |       |       |     3 |     3 ||     6
  Use: Scroll            |     1 |     2 |    10 |     4 ||    17
       Potion            |       |       |     2 |       ||     2
Armor: Scale mail        |    44 |    39 |       |       ||    83
       Chain mail        |       |     2 |    66 |       ||    68
       Plate armour      |       |       |    75 |   157 ||   232
Dodge: Dodged            |    34 |    29 |    45 |    57 ||   165
Block: Kite shield       |    58 |    56 |   135 |   155 ||   404
